 Dungeon Crawl Stone Soup version 0.19-a0-1886-gd64a0f0 (webtiles) character file.

67 Television the Conjurer (level 4, -1/30 HPs)
             Began as a Formicid Conjurer on Oct 15, 2016.
             Slain by a hound (3 damage)
             ... on level 3 of the Dungeon.
             The game lasted 00:05:38 (776 turns).

Television the Conjurer (Formicid Conjurer)          Turns: 776, Time: 00:05:39

Health: -1/30      AC:  2    Str: 10 (13) XL:     4   Next: 40%
Magic:  1/9        EV: 12    Int: 14 (15) God:
Gold:   92         SH:  0    Dex:  9 (11) Spells: 2 memorised, 7 levels left

rFire  . . .     SeeInvis +     k - +0 war axe
rCold  . . .     Gourm    .     a - +0 robe
rNeg   . . .     Faith    .     (no shield)
rPois  .         Spirit   .     (helmet unavailable)
rElec  .         Dismiss  .     (no cloak)
rCorr  .         Reflect  .     (no gloves)
MR     .....     Harm     .     (no boots)
Stlth  ++........               (no amulet)
                                (no ring)
                                (no ring)

@: no status effects
A: permanent stasis, dig shafts and tunnels, four strong arms, antennae 3
a: Dig, Shaft Self


You were on level 3 of the Dungeon.
You were not hungry.

You visited 1 branch of the dungeon, and saw 4 of its levels.

You collected 92 gold pieces.

Inventory:

Hand Weapons
 e - a +0 hand axe
 k - a +0 war axe (weapon)
Armour
 a - a +0 robe (worn)
Scrolls
 d - 4 scrolls of teleportation {unknown}
 g - 2 scrolls of remove curse {unknown}
 h - a scroll of noise {unknown}
 j - a scroll of fog {unknown}
 l - a scroll of amnesia {unknown}
Books
 b - a book of Conjurations

   Spells                             Type                      Level
   a - Magic Dart                     Conjuration                  1
   b - Searing Ray                    Conjuration                  2
   c - Dazzling Spray                 Conjuration/Hexes            3
   d - Fulminant Prism                Conjuration/Hexes            4
   e - Iskenderun's Mystic Blast      Conjuration                  4
   f - Iskenderun's Battlesphere      Conjuration/Charms           5
Comestibles
 c - 2 bread rations
 f - 4 chunks of flesh


   Skills:
 - Level 1.7 Dodging
 - Level 2.4 Stealth
 * Level 3.7 Spellcasting
 * Level 4.1 Conjurations


You had 7 spell levels left.
You knew the following spells:

 Your Spells              Type           Power        Failure   Level  Hunger
a - Magic Dart            Conj           ##..         3%          1    None
b - Searing Ray           Conj           ##....       6%          2    ##.....


Dungeon Overview and Level Annotations

Branches:
Dungeon (4/15)
 Temple: D:4-7

Altars:


Innate Abilities, Weirdness & Mutations

You are under a permanent stasis effect.
You can dig through walls and to a lower floor.
Your four strong arms can wield two-handed weapons with a shield.
You have a pair of large antennae on your head. (SInv)


Message History

The hound is heavily wounded.
The hound bites you. x2
* * * LOW HITPOINT WARNING * * *
It was a potion of degeneration.
There was something very wrong with that liquid.
You feel weakened.
You feel dopey.
You feel clumsy. The hound bites you.
* * * LOW HITPOINT WARNING * * *
You aren't carrying any items that you can evoke.
Unknown command.
Unknown command.
Casting: Searing Ray
Confirm with . or Enter, or press ? or * to list all spells.
Aiming: Searing Ray
Press: ? - help, Shift-Dir - straight line, f - hound
Aim: a hound (heavily wounded)
The searing ray hits the hound.
The hound is almost dead.
The hound barely misses you. The hound bites you.
You die...

###########
#.........#
#.........#
#...).....#
#.........#
#....)....#
#.........#
#.........###########
...............h@...#
#.........#########.#
#..............# #.#
#..............#....#
#######........##.###
# #........##w #
#........## #
#........# ##########


You could see a hound.

Vanquished Creatures
  A hound (D:4)
  An ooze (D:1)
  A dart slug (D:2)
  An orc (D:3)
  A giant cockroach (D:2)
  6 goblins
  5 hobgoblins
  A ball python (D:2)
  4 bats
  2 kobolds (D:2)
  5 rats
28 creatures vanquished.

Notes
Turn   | Place    | Note
-------+----------+-------------------------------------------
     0 | D:1      | Television the Formicid Conjurer began the quest for the Orb.
     0 | D:1      | Reached XP level 1. HP: 13/13 MP: 3/3
     3 | D:1      | You fall through a shaft!
   186 | D:2      | Reached XP level 2. HP: 15/19 MP: 1/5
   203 | D:2      | Learned a level 2 spell: Searing Ray
   479 | D:2      | Reached XP level 3. HP: 15/24 MP: 2/7
   769 | D:4      | Reached skill level 4 in Conjurations
   769 | D:4      | Reached XP level 4. HP: 30/30 MP: 3/9
   776 | D:3      | Slain by a hound

Vault maps used:
D:1:      lightli_arrival_statue_moat, minmay_tromino_v4_c
D:2:      first_bread
D:3:      ecumenical_altar_1
D:4:      dk_noncrumbling_4, grunt_ministairs_1

Skill      XL: |  1  2  3 |
---------------+----------+-----
Spellcasting   | 3 |  3.7
Conjurations   | 4 |  4.1
Dodging        | |  1.7
Stealth        | |  2.4

Action                   |  1- 3 |  4- 6 || total
-------------------------+-------+-------++-------
Melee: Hand axe          |    42 |       ||    42
       War axe           |     4 |     3 ||     7
 Cast: Magic Dart        |    44 |       ||    44
       Searing Ray       |     1 |     1 ||     2
 Abil: Dig               |     1 |       ||     1
       Shaft Self        |     1 |       ||     1
  Use: Potion            |       |     1 ||     1
 Stab: Sleeping          |     2 |       ||     2
  Eat: Chunk             |     1 |       ||     1
Armor: Robe              |    16 |     2 ||    18
Dodge: Dodged            |    49 |     1 ||    50
